Stars vs Flyers
Created - February 6, 2022 at 22:10
Goals
|
| Stars |
1 |
0 |
0 |
1 |
| Flyers |
1 |
1 |
0 |
2 |
|
Shots
|
| Stars |
6 |
13 |
16 |
35 |
| Flyers |
9 |
14 |
7 |
30 |
|
1st period
1. Stars , Jussi Jokinen 6 (Tyson Barrie 5) at 14:42
2. Flyers , Jakub Voracek 13 (Jordan Nolan 20) at 14:46
Penalties :
Jacob Trouba (Phi) for Hooking (Minor) at 3:41, Drew Miller (Phi) for Charging (Minor) at 11:29, Andrew Ladd (Dal) for Tripping (Minor) at 16:32
2nd period
3. Flyers , Travis Zajac 5 (Marcus Kruger 9) at 19:15
Penalties :
Brian Lee (Dal) for Holding (Minor) at 11:30, J.T. Miller (Phi) for Hooking (Minor) at 15:35, Cory Emmerton (Dal) for Tripping (Minor) at 17:57, Jeff Woywitka (Phi) for Roughing (Minor) at 18:12
3rd period
No Goal
Penalties :
Matthew Lombardi (Phi) for Tripping (Minor) at 3:03, Evgeny Grachev (Dal) for Hooking (Minor) at 8:07, Marcus Kruger (Phi) for Hooking (Minor) at 10:46
Goalie Stats
Matt Murray (Dal), 28 saves from 30 shots - (0.933), L, 10-9-3, 59:00 minutes
Steve Mason (Phi), 34 saves from 35 shots - (0.971), W, 13-6-0, 60:00 minutes
Players Stats for Stars
Player Name G A P +/- PIM S H SB GA TA FO MP PP MP PK MP
------------------------------------------------------------------------------------
Alex Chiasson 0 0 0 1 0 2 1 0 0 1 0/1 15:46 4:30 0:00
Andrej Sustr 0 0 0 -1 0 0 2 0 0 0 0/0 20:35 3:57 2:34
Andrew Ladd 0 0 0 0 2 1 1 0 0 0 0/0 11:30 0:08 0:26
Boris Valabik 0 0 0 -1 0 4 0 2 0 0 0/0 21:16 3:57 2:47
Brian Lee 0 0 0 0 2 1 1 1 0 0 0/0 27:24 5:42 2:31
Cam Atkinson 0 0 0 0 0 1 0 0 0 0 1/1 10:14 0:05 0:00
Cory Emmerton 0 0 0 0 2 3 0 0 0 0 1/4 8:33 0:03 1:14
Evgeny Grachev 0 0 0 1 2 3 2 0 0 1 6/12 16:06 4:30 0:00
Evgeny Kuznetsov 0 0 0 0 0 2 0 1 2 0 1/5 9:49 0:00 0:00
Guillaume Latendresse 0 0 0 -1 0 2 1 1 1 1 1/2 23:09 5:35 3:25
Ian White 0 0 0 0 0 3 0 2 0 1 0/0 28:29 5:42 3:38
Jeremy Morin 0 0 0 0 0 2 0 0 0 0 0/0 7:15 0:00 0:29
John Tavares 0 0 0 -1 0 3 0 0 1 0 18/26 23:05 5:35 3:26
Jussi Jokinen 1 0 1 0 0 4 3 0 1 0 0/0 18:12 4:30 1:42
Michael Grabner 0 0 0 -2 0 3 1 2 1 0 2/2 20:43 5:32 1:42
Paul Ladue 0 0 0 0 0 0 0 0 0 1 0/0 11:50 0:31 0:54
Scott Kosmachuck 0 0 0 0 0 1 0 0 0 0 0/0 7:08 0:02 0:00
Tyson Barrie 0 1 1 0 0 0 1 1 0 0 0/0 10:56 0:31 0:00
Players Stats for Flyers
Player Name G A P +/- PIM S H SB GA TA FO MP PP MP PK MP
------------------------------------------------------------------------------------
Brian Lashoff 0 0 0 0 0 1 1 0 0 0 0/0 12:03 0:00 1:41
Brock Nelson 0 0 0 0 0 1 1 0 1 0 0/0 9:08 0:00 1:43
Chris Mcallister 0 0 0 0 0 2 0 0 0 0 1/1 12:32 0:00 3:01
Drew Miller 0 0 0 0 2 2 2 0 0 0 0/0 14:48 2:43 0:11
J.T. Miller 0 0 0 0 2 1 0 1 0 0 2/11 23:11 3:29 4:16
Jacob Trouba 0 0 0 1 2 2 1 0 0 1 0/0 26:28 3:43 4:02
Jakub Voracek 1 0 1 0 0 3 5 0 0 0 0/1 20:02 3:29 2:32
Jeff Carter 0 0 0 0 0 3 0 0 1 0 5/12 18:07 2:43 3:31
Jeff Woywitka 0 0 0 0 2 3 0 1 1 0 0/0 25:25 3:42 5:04
Jonathan Ericsson 0 0 0 -1 0 1 2 1 0 1 0/0 12:38 0:00 0:15
Jordan Nolan 0 1 1 0 0 4 3 0 0 1 9/20 23:09 3:22 4:41
Marcus Kruger 0 1 1 1 2 1 0 0 0 0 0/0 9:42 0:00 0:00
Matt Smaby 0 0 0 1 0 0 0 1 1 1 0/0 21:43 2:29 4:39
Matthew Lombardi 0 0 0 0 2 1 0 0 0 0 1/2 7:28 0:00 0:25
Nathan Beaulieu 0 0 0 1 0 1 0 3 0 0 0/0 21:43 2:29 4:39
Niclas Bergfors 0 0 0 0 0 1 2 0 0 1 0/0 13:35 2:43 0:00
Travis Zajac 1 0 1 1 0 2 4 0 1 1 5/6 9:43 0:07 0:00
Tyler Randell 0 0 0 0 0 1 0 0 0 0 0/0 6:35 0:00 0:00
3 Stars
1 - Steve Mason (Phi)
2 - Travis Zajac (Phi)
3 - Jakub Voracek (Phi)
Power Play
Stars - 0 on 6 Attempt(s) - 0.00%
Flyers - 0 on 4 Attempt(s) - 0.00%
Penalty Kill
Stars - 4 on 4 Attempt(s) - 100.00%
- Score 0 goal in Penalty Kill
Flyers - 6 on 6 Attempt(s) - 100.00%
- Score 0 goal in Penalty Kill
Team Stat
Stars - Hits : 13 - Faceoff Wins : 30 - Blocked Shots : 10 - Penalty Minutes : 8
Flyers - Hits : 21 - Faceoff Wins : 23 - Blocked Shots : 7 - Penalty Minutes : 12
Official
Referees : Jon McIsaac and Michael Markovic
Linesman : Julien Fournier and Derek Amell
Game Notes
No Game Note
Finance
Level 1 -- Attendance: 3885 (64.75%) -- Ticket Income $485,625
Level 2 -- Attendance: 3369 (67.38%) -- Ticket Income $252,675
Level 3 -- Attendance: 1156 (57.80%) -- Ticket Income $57,800
Level 4 -- Attendance: 2448 (61.20%) -- Ticket Income $97,920
Luxury Box -- Attendance: 679 (67.90%) -- Ticket Income $169,750
Game was played at the Wells Fargo Center.
Total Attendance: 11537 (64.09%)
Total Ticket Income: $1,063,770
Other Income: $159,566
Total Income: $1,223,336
Stars
5 vs 5 Forward
Center Left Wing Right Wing Time % Phy DF OF
1 John Tavares Guillaume Latendresse Michael Grabner 40 1 2 2
2 Evgeny Grachev Jussi Jokinen Alex Chiasson 30 1 2 2
3 Evgeny Kuznetsov Andrew Ladd Cam Atkinson 20 1 2 2
4 Cory Emmerton Jeremy Morin Scott Kosmachuck 10 1 2 2
5 vs 5 Defense
Defense Defense Time % Phy DF OF
1 Ian White Brian Lee 40 1 2 2
2 Boris Valabik Andrej Sustr 30 1 2 2
3 Tyson Barrie Paul Ladue 20 1 2 2
4 Ian White Brian Lee 10 1 2 2
PowerPlay Forward
Center Left Wing Right Wing Time % Phy DF OF
1 John Tavares Guillaume Latendresse Michael Grabner 60 0 2 3
2 Evgeny Grachev Jussi Jokinen Alex Chiasson 40 0 2 3
PowerPlay Defense
Defense Defense Time % Phy DF OF
1 Ian White Brian Lee 60 0 2 3
2 Boris Valabik Andrej Sustr 40 0 2 3
Penalty Kill 4 Players Forward
Center Wing Time % Phy DF OF
1 John Tavares Guillaume Latendresse 60 0 3 2
2 Michael Grabner Jussi Jokinen 40 0 3 2
Penalty Kill 4 Players Defense
Defense Defense Time % Phy DF OF
1 Ian White Brian Lee 60 0 3 2
2 Boris Valabik Andrej Sustr 40 0 3 2
Penalty Kill - 3 Players Forward
Forward Time % Phy DF OF
1 John Tavares 60 0 3 2
2 Guillaume Latendresse 40 0 3 2
Penalty Kill - 3 Players Defense
Defense Defense Time % Phy DF OF
1 Ian White Brian Lee 60 0 3 2
2 Boris Valabik Andrej Sustr 40 0 3 2
4 vs 4 Forward
Center Wing Time % Phy DF OF
1 John Tavares Guillaume Latendresse 60 0 2 3
2 Michael Grabner Jussi Jokinen 40 0 2 3
4 vs 4 Defense
Defense Defense Time % Phy DF OF
1 Ian White Brian Lee 60 1 2 2
2 Boris Valabik Andrej Sustr 40 1 2 2
Last Minutes Offensive
Center Left Wing Right Wing Defense Defense
John Tavares Guillaume Latendresse Michael Grabner Ian White Brian Lee
Last Minutes Defensive
Center Left Wing Right Wing Defense Defense
John Tavares Guillaume Latendresse Michael Grabner Ian White Brian Lee
Goaltenders
Starting : Matt Murray
Backup : Braden Holtby
Extra Forwards
Normal : Andrew Ladd, Cam Atkinson, Cory Emmerton - PP : Andrew Ladd, Cam Atkinson - PK : Cory Emmerton
Extra Defensemen
Normal : Tyson Barrie, Paul Ladue, Boris Valabik - PP : Tyson Barrie - PK : Paul Ladue, Boris Valabik
Penalty Shots
John Tavares, Guillaume Latendresse, Michael Grabner, Jussi Jokinen, Alex Chiasson
Scratches
Tyler Brenner (Healthy)
Flyers
5 vs 5 Forward
Center Left Wing Right Wing Time % Phy DF OF
1 Jordan Nolan J.T. Miller Jakub Voracek 40 1 2 2
2 Jeff Carter Drew Miller Niclas Bergfors 30 1 2 2
3 Travis Zajac Chris Mcallister Marcus Kruger 20 1 2 2
4 Matthew Lombardi Brock Nelson Tyler Randell 10 1 2 2
5 vs 5 Defense
Defense Defense Time % Phy DF OF
1 Jacob Trouba Jeff Woywitka 40 1 2 2
2 Matt Smaby Nathan Beaulieu 30 1 2 2
3 Jonathan Ericsson Brian Lashoff 20 1 2 2
4 Jacob Trouba Jeff Woywitka 10 1 2 2
PowerPlay Forward
Center Left Wing Right Wing Time % Phy DF OF
1 Jordan Nolan J.T. Miller Jakub Voracek 60 1 2 2
2 Jeff Carter Drew Miller Niclas Bergfors 40 1 2 2
PowerPlay Defense
Defense Defense Time % Phy DF OF
1 Jacob Trouba Jeff Woywitka 60 1 2 2
2 Matt Smaby Nathan Beaulieu 40 1 2 2
Penalty Kill 4 Players Forward
Center Wing Time % Phy DF OF
1 J.T. Miller Jordan Nolan 60 1 2 2
2 Jeff Carter Jakub Voracek 40 1 2 2
Penalty Kill 4 Players Defense
Defense Defense Time % Phy DF OF
1 Jacob Trouba Jeff Woywitka 60 1 2 2
2 Matt Smaby Nathan Beaulieu 40 1 2 2
Penalty Kill - 3 Players Forward
Forward Time % Phy DF OF
1 J.T. Miller 60 1 2 2
2 Jordan Nolan 40 1 2 2
Penalty Kill - 3 Players Defense
Defense Defense Time % Phy DF OF
1 Jacob Trouba Jeff Woywitka 60 1 2 2
2 Matt Smaby Nathan Beaulieu 40 1 2 2
4 vs 4 Forward
Center Wing Time % Phy DF OF
1 J.T. Miller Jordan Nolan 60 1 2 2
2 Jeff Carter Jakub Voracek 40 1 2 2
4 vs 4 Defense
Defense Defense Time % Phy DF OF
1 Jacob Trouba Jeff Woywitka 60 1 2 2
2 Matt Smaby Nathan Beaulieu 40 1 2 2
Last Minutes Offensive
Center Left Wing Right Wing Defense Defense
Jordan Nolan J.T. Miller Jakub Voracek Jacob Trouba Jeff Woywitka
Last Minutes Defensive
Center Left Wing Right Wing Defense Defense
Jordan Nolan J.T. Miller Jakub Voracek Jacob Trouba Jeff Woywitka
Goaltenders
Starting : Steve Mason
Backup : Ilya Sorokin
Extra Forwards
Normal : Travis Zajac, Marcus Kruger, Chris Mcallister - PP : Travis Zajac, Marcus Kruger - PK : Chris Mcallister
Extra Defensemen
Normal : Jonathan Ericsson, Brian Lashoff, Matt Smaby - PP : Jonathan Ericsson - PK : Brian Lashoff, Matt Smaby
Penalty Shots
J.T. Miller, Jordan Nolan, Jeff Carter, Jakub Voracek, Drew Miller
Scratches
Dylan Olsen (Healthy), Tomas Kubalik (Healthy)
% Time on Ice - Stars
Lines # - Real PCT - Wanted PCT - Time Play
Normal Forward
1 - 31% - 40% - 12:51
2 - 28% - 30% - 11:43
3 - 24% - 20% - 9:49
4 - 16% - 10% - 6:46
Normal Defense
1 - 40% - 40% - 16:31
2 - 33% - 30% - 13:39
3 - 25% - 20% - 10:25
4 - 1% - 10% - 0:34
PP Forward
1 - 56% - 60% - 5:40
2 - 44% - 40% - 4:30
PP Defense
1 - 56% - 60% - 5:42
2 - 44% - 40% - 4:28
PK Forward
1 - 73% - 60% - 4:30
2 - 27% - 40% - 1:42
PK Defense
1 - 59% - 60% - 3:38
2 - 41% - 40% - 2:34
PK3 Forward
1 - 0% - 60%
2 - 0% - 40%
PK3 Defense
1 - 0% - 60%
2 - 0% - 40%
44 Forward
1 - 84% - 60% - 1:27
2 - 16% - 40% - 0:17
44 Defense
1 - 76% - 60% - 1:19
2 - 24% - 40% - 0:25
Last Minute Offensive - 0:45
Last Minute Defensive - 0:00
Total
Forward - 60:00
Defense - 60:00
|
% Time on Ice - Flyers
Lines # - Real PCT - Wanted PCT - Time Play
Normal Forward
1 - 34% - 40% - 14:10
2 - 27% - 30% - 11:01
3 - 23% - 20% - 9:23
4 - 16% - 10% - 6:35
Normal Defense
1 - 40% - 40% - 16:18
2 - 34% - 30% - 14:08
3 - 25% - 20% - 10:19
4 - 1% - 10% - 0:24
PP Forward
1 - 56% - 60% - 3:29
2 - 44% - 40% - 2:43
PP Defense
1 - 60% - 60% - 3:43
2 - 40% - 40% - 2:29
PK Forward
1 - 75% - 60% - 7:38
2 - 25% - 40% - 2:32
PK Defense
1 - 54% - 60% - 5:31
2 - 46% - 40% - 4:39
PK3 Forward
1 - 0% - 60%
2 - 0% - 40%
PK3 Defense
1 - 0% - 60%
2 - 0% - 40%
44 Forward
1 - 91% - 60% - 1:35
2 - 9% - 40% - 0:09
44 Defense
1 - 74% - 60% - 1:17
2 - 26% - 40% - 0:27
Last Minute Offensive - 0:00
Last Minute Defensive - 0:45
Total
Forward - 60:00
Defense - 60:00
|
Play-by-Play
1st period
0:01 of 1st period - Jordan Nolan wins face-off versus John Tavares in neutral zone.
0:26 of 1st period - Drew Miller is hit by Jussi Jokinen and loses puck.
0:40 of 1st period - Wrist shot by Evgeny Grachev.
0:40 of 1st period - Stopped by Steve Mason with a rebound.
0:50 of 1st period - Boris Valabik is hit by Travis Zajac and loses puck.
2:18 of 1st period - Icing by Evgeny Kuznetsov.
2:19 of 1st period - Jordan Nolan wins face-off versus Evgeny Kuznetsov in Stars zone.
2:24 of 1st period - Snap shot by Jordan Nolan.
2:24 of 1st period - Stopped by Matt Murray with a rebound.
2:58 of 1st period - Snap shot by Cam Atkinson.
2:58 of 1st period - Stopped by Steve Mason with a rebound.
3:30 of 1st period - Snap shot by Cam Atkinson.
3:30 of 1st period - Deflect By Evgeny Kuznetsov.
3:30 of 1st period - Stopped by Steve Mason without a rebound.
3:31 of 1st period - John Tavares wins face-off versus Jeff Carter in Flyers zone.
3:41 of 1st period - Minor Penalty to Jacob Trouba for Hooking.
3:42 of 1st period - John Tavares wins face-off versus J.T. Miller in Flyers zone.
5:41 of 1st period - Penalty to Jacob Trouba is over, Jacob Trouba is back on ice.
5:47 of 1st period - Jeremy Morin is hit by Brock Nelson and loses puck.
5:58 of 1st period - Boris Valabik is hit by Jacob Trouba and loses puck.
7:03 of 1st period - Andrew Ladd is hit by Jordan Nolan and loses puck.
7:45 of 1st period - Chris Mcallister is hit by Evgeny Grachev.
7:49 of 1st period - Jussi Jokinen is hit by Jonathan Ericsson and loses puck.
8:09 of 1st period - Icing by Paul Ladue.
8:10 of 1st period - Cam Atkinson wins face-off versus Jeff Carter in Stars zone.
8:21 of 1st period - Off-side.
8:22 of 1st period - John Tavares wins face-off versus Jordan Nolan in neutral zone.
8:37 of 1st period - Snap shot by J.T. Miller.
8:37 of 1st period - Stopped by Matt Murray with a rebound.
9:02 of 1st period - Slapshot by Jordan Nolan.
9:02 of 1st period - Stopped by Matt Murray without a rebound.
9:03 of 1st period - Jeff Carter wins face-off versus Evgeny Grachev in Stars zone.
9:25 of 1st period - Jussi Jokinen is hit by Drew Miller and loses puck.
10:00 of 1st period - Snap shot by Brock Nelson.
10:00 of 1st period - Shot Misses the Net.
10:04 of 1st period - Slapshot by Brock Nelson.
10:04 of 1st period - Shot Misses the Net.
10:06 of 1st period - Slapshot by Jacob Trouba.
10:06 of 1st period - Deflect By Ian White.
10:06 of 1st period - Stopped by Matt Murray without a rebound.
10:07 of 1st period - Jordan Nolan wins face-off versus Evgeny Grachev in Stars zone.
11:01 of 1st period - Wrist shot by Jordan Nolan.
11:01 of 1st period - Shot Blocked by Michael Grabner.
11:03 of 1st period - Slapshot by J.T. Miller.
11:03 of 1st period - Shot Misses the Net.
11:05 of 1st period - Wrist shot by Jordan Nolan.
11:05 of 1st period - Stopped by Matt Murray without a rebound.
11:06 of 1st period - Evgeny Grachev wins face-off versus Jeff Carter in Stars zone.
11:29 of 1st period - Minor Penalty to Drew Miller for Charging.
11:30 of 1st period - John Tavares wins face-off versus J.T. Miller in Flyers zone.
11:41 of 1st period - Slapshot by Michael Grabner.
11:41 of 1st period - Shot Misses the Net.
11:57 of 1st period - Brian Lee is hit by Jakub Voracek and loses puck.
13:29 of 1st period - Penalty to Drew Miller is over, Drew Miller is back on ice.
13:59 of 1st period - Snap shot by Jeff Carter.
13:59 of 1st period - Stopped by Matt Murray with a rebound.
14:01 of 1st period - Slapshot by Jacob Trouba.
14:01 of 1st period - Stopped by Matt Murray with a rebound.
14:09 of 1st period - Snap shot by Jeff Carter.
14:09 of 1st period - Shot Blocked by Evgeny Kuznetsov.
14:11 of 1st period - Slapshot by Jeff Woywitka.
14:11 of 1st period - Stopped by Matt Murray without a rebound.
14:12 of 1st period - Travis Zajac wins face-off versus Cory Emmerton in Stars zone.
14:13 of 1st period - Snap shot by Chris Mcallister.
14:13 of 1st period - Shot Blocked by Tyson Barrie.
14:42 of 1st period - Slapshot by Jussi Jokinen.
14:42 of 1st period - Goal by Jussi Jokinen - Stars : 1 - Flyers : 0.
14:43 of 1st period - Jordan Nolan wins face-off versus John Tavares in neutral zone.
14:46 of 1st period - Slapshot by Jakub Voracek.
14:46 of 1st period - Goal by Jakub Voracek - Stars : 1 - Flyers : 1.
14:47 of 1st period - Jeff Carter wins face-off versus John Tavares in neutral zone.
15:14 of 1st period - Jakub Voracek is hit by Evgeny Grachev and loses puck.
15:23 of 1st period - Snap shot by Evgeny Grachev.
15:23 of 1st period - Stopped by Steve Mason without a rebound.
15:24 of 1st period - Jeff Carter wins face-off versus Alex Chiasson in Flyers zone.
16:32 of 1st period - Minor Penalty to Andrew Ladd for Tripping.
16:33 of 1st period - John Tavares wins face-off versus Jordan Nolan in Stars zone.
17:12 of 1st period - Wrist shot by Niclas Bergfors.
17:12 of 1st period - Shot Misses the Net.
18:32 of 1st period - Penalty to Andrew Ladd is over, Andrew Ladd is back on ice.
18:49 of 1st period - Off-side.
18:50 of 1st period - Travis Zajac wins face-off versus Evgeny Grachev in neutral zone.
18:58 of 1st period - Jussi Jokinen is hit by Brian Lashoff and loses puck.
19:23 of 1st period - Snap shot by Guillaume Latendresse.
19:23 of 1st period - Shot Misses the Net.
19:37 of 1st period - Wrist shot by Cory Emmerton.
19:37 of 1st period - Stopped by Steve Mason without a rebound.
19:38 of 1st period - Jordan Nolan wins face-off versus Cory Emmerton in Flyers zone.
Goals for this period are 1 for Stars vs 1 for Flyers.
Shots for this period are 6 for Stars vs 9 for Flyers.
2nd period
0:01 of 2nd period - John Tavares wins face-off versus Jeff Carter in neutral zone.
0:04 of 2nd period - Jeff Carter is hit by Michael Grabner.
0:26 of 2nd period - Michael Grabner is hit by Travis Zajac and loses puck.
0:31 of 2nd period - Wrist shot by Marcus Kruger.
0:31 of 2nd period - Shot Blocked by Brian Lee.
0:33 of 2nd period - Wrist shot by Chris Mcallister.
0:33 of 2nd period - Stopped by Matt Murray with a rebound.
0:35 of 2nd period - Wrist shot by Chris Mcallister.
0:35 of 2nd period - Stopped by Matt Murray with a rebound.
0:57 of 2nd period - Slapshot by Matt Smaby.
0:57 of 2nd period - Shot Misses the Net.
1:21 of 2nd period - Wrist shot by Andrew Ladd.
1:21 of 2nd period - Stopped by Steve Mason without a rebound.
1:22 of 2nd period - Evgeny Grachev wins face-off versus Jeff Carter in Flyers zone.
1:23 of 2nd period - Slapshot by Alex Chiasson.
1:23 of 2nd period - Shot Blocked by Jeff Woywitka.
2:23 of 2nd period - Snap shot by Jakub Voracek.
2:23 of 2nd period - Stopped by Matt Murray with a rebound.
2:35 of 2nd period - Wrist shot by J.T. Miller.
2:35 of 2nd period - Shot Misses the Net.
3:03 of 2nd period - Slapshot by Jeff Carter.
3:03 of 2nd period - Stopped by Matt Murray with a rebound.
3:19 of 2nd period - Snap shot by Marcus Kruger.
3:19 of 2nd period - Shot Blocked by Ian White.
3:21 of 2nd period - Wrist shot by Brian Lashoff.
3:21 of 2nd period - Stopped by Matt Murray without a rebound.
3:22 of 2nd period - Guillaume Latendresse wins face-off versus Travis Zajac in Stars zone.
3:22 of 2nd period - Guillaume Latendresse is hit by Travis Zajac.
4:00 of 2nd period - Jeff Carter is hit by Andrej Sustr and loses puck.
4:37 of 2nd period - Snap shot by Marcus Kruger.
4:37 of 2nd period - Stopped by Matt Murray with a rebound.
6:00 of 2nd period - Backhand shot by Jeff Woywitka.
6:00 of 2nd period - Stopped by Matt Murray with a rebound.
6:02 of 2nd period - Slapshot by Jeff Woywitka.
6:02 of 2nd period - Stopped by Matt Murray without a rebound.
6:03 of 2nd period - Jordan Nolan wins face-off versus Evgeny Grachev in Stars zone.
6:12 of 2nd period - Snap shot by Jordan Nolan.
6:12 of 2nd period - Deflect By Ian White.
6:12 of 2nd period - Stopped by Matt Murray without a rebound.
6:13 of 2nd period - Jordan Nolan wins face-off versus Evgeny Grachev in Stars zone.
6:20 of 2nd period - Slapshot by Jakub Voracek.
6:20 of 2nd period - Shot Misses the Net.
7:06 of 2nd period - Slapshot by Evgeny Grachev.
7:06 of 2nd period - Shot Misses the Net.
7:08 of 2nd period - Slapshot by Ian White.
7:08 of 2nd period - Stopped by Steve Mason with a rebound.
7:10 of 2nd period - Slapshot by Brian Lee.
7:10 of 2nd period - Shot Blocked by Nathan Beaulieu.
7:12 of 2nd period - Slapshot by Alex Chiasson.
7:12 of 2nd period - Stopped by Steve Mason without a rebound.
7:13 of 2nd period - John Tavares wins face-off versus Jeff Carter in Flyers zone.
7:18 of 2nd period - Wrist shot by John Tavares.
7:18 of 2nd period - Stopped by Steve Mason with a rebound.
7:20 of 2nd period - Slapshot by Boris Valabik.
7:20 of 2nd period - Deflect By Jeff Woywitka.
7:20 of 2nd period - Stopped by Steve Mason with a rebound.
8:10 of 2nd period - Jacob Trouba is hit by Tyson Barrie.
8:22 of 2nd period - Snap shot by Jeff Carter.
8:22 of 2nd period - Stopped by Matt Murray with a rebound.
9:15 of 2nd period - Nathan Beaulieu is hit by Guillaume Latendresse and loses puck.
9:38 of 2nd period - Niclas Bergfors is hit by Andrew Ladd and loses puck.
9:54 of 2nd period - Off-side.
9:55 of 2nd period - Travis Zajac wins face-off versus Evgeny Grachev in neutral zone.
9:58 of 2nd period - Snap shot by Chris Mcallister.
9:58 of 2nd period - Shot Misses the Net.
10:20 of 2nd period - Snap shot by Travis Zajac.
10:20 of 2nd period - Stopped by Matt Murray without a rebound.
10:21 of 2nd period - Jordan Nolan wins face-off versus John Tavares in Stars zone.
10:58 of 2nd period - Snap shot by Matthew Lombardi.
10:58 of 2nd period - Stopped by Matt Murray with a rebound.
11:30 of 2nd period - Minor Penalty to Brian Lee for Holding.
11:31 of 2nd period - John Tavares wins face-off versus Jordan Nolan in Stars zone.
11:31 of 2nd period - John Tavares is hit by Jakub Voracek.
11:45 of 2nd period - Wrist shot by Guillaume Latendresse.
11:45 of 2nd period - Shot Misses the Net.
12:08 of 2nd period - Boris Valabik is hit by Drew Miller and loses puck.
12:19 of 2nd period - Andrej Sustr is hit by Jakub Voracek and loses puck.
12:38 of 2nd period - Slapshot by Boris Valabik.
12:38 of 2nd period - Stopped by Steve Mason with a rebound.
12:40 of 2nd period - Slapshot by Boris Valabik.
12:40 of 2nd period - Shot Misses the Net.
12:42 of 2nd period - Snap shot by Andrej Sustr.
12:42 of 2nd period - Shot Misses the Net.
12:48 of 2nd period - Snap shot by Michael Grabner.
12:48 of 2nd period - Stopped by Steve Mason without a rebound.
12:49 of 2nd period - Michael Grabner wins face-off versus Jordan Nolan in Flyers zone.
12:50 of 2nd period - Snap shot by Jussi Jokinen.
12:50 of 2nd period - Stopped by Steve Mason with a rebound.
12:58 of 2nd period - Wrist shot by Michael Grabner.
12:58 of 2nd period - Shot Misses the Net.
13:30 of 2nd period - Penalty to Brian Lee is over, Brian Lee is back on ice.
14:06 of 2nd period - Evgeny Grachev is hit by Jonathan Ericsson.
14:53 of 2nd period - Off-side.
14:54 of 2nd period - Evgeny Grachev wins face-off versus Jordan Nolan in neutral zone.
15:35 of 2nd period - Minor Penalty to J.T. Miller for Hooking.
15:36 of 2nd period - Chris Mcallister wins face-off versus John Tavares in Flyers zone.
16:20 of 2nd period - Slapshot by Boris Valabik.
16:20 of 2nd period - Shot Blocked by Nathan Beaulieu.
16:38 of 2nd period - Jeff Carter is hit by Jussi Jokinen and loses puck.
16:49 of 2nd period - Michael Grabner is hit by Jordan Nolan and loses puck.
17:35 of 2nd period - Penalty to J.T. Miller is over, J.T. Miller is back on ice.
17:42 of 2nd period - Snap shot by Nathan Beaulieu.
17:42 of 2nd period - Shot Misses the Net.
17:44 of 2nd period - Wrist shot by Matthew Lombardi.
17:44 of 2nd period - Shot Misses the Net.
17:54 of 2nd period - Snap shot by Drew Miller.
17:54 of 2nd period - Stopped by Matt Murray without a rebound.
17:55 of 2nd period - Cory Emmerton wins face-off versus Jordan Nolan in Stars zone.
17:57 of 2nd period - Minor Penalty to Cory Emmerton for Tripping.
17:58 of 2nd period - John Tavares wins face-off versus Jordan Nolan in Stars zone.
18:12 of 2nd period - Minor Penalty to Jeff Woywitka for Roughing.
18:13 of 2nd period - John Tavares wins face-off versus J.T. Miller in Flyers zone.
18:16 of 2nd period - Wrist shot by John Tavares.
18:16 of 2nd period - Stopped by Steve Mason with a rebound.
18:18 of 2nd period - Slapshot by Ian White.
18:18 of 2nd period - Shot Misses the Net.
18:20 of 2nd period - Slapshot by Brian Lee.
18:20 of 2nd period - Shot Blocked by Jonathan Ericsson.
18:22 of 2nd period - Slapshot by Brian Lee.
18:22 of 2nd period - Stopped by Steve Mason with a rebound.
18:24 of 2nd period - Slapshot by Ian White.
18:24 of 2nd period - Stopped by Steve Mason with a rebound.
18:40 of 2nd period - Brian Lee is hit by Jordan Nolan and loses puck.
18:57 of 2nd period - Nathan Beaulieu is hit by Andrej Sustr and loses puck.
19:10 of 2nd period - Michael Grabner is hit by Travis Zajac and loses puck.
19:15 of 2nd period - Wrist shot by Travis Zajac.
19:15 of 2nd period - Goal by Travis Zajac - Stars : 1 - Flyers : 2.
19:16 of 2nd period - J.T. Miller wins face-off versus John Tavares in neutral zone.
19:29 of 2nd period - Wrist shot by J.T. Miller.
19:29 of 2nd period - Deflect By Jordan Nolan.
19:29 of 2nd period - Shot Blocked by Ian White.
19:29 of 2nd period - Puck is out of play.
19:30 of 2nd period - John Tavares wins face-off versus J.T. Miller in Stars zone.
19:37 of 2nd period - Wrist shot by John Tavares.
19:37 of 2nd period - Stopped by Steve Mason without a rebound.
19:38 of 2nd period - John Tavares wins face-off versus J.T. Miller in Flyers zone.
19:49 of 2nd period - Off-side.
19:50 of 2nd period - John Tavares wins face-off versus J.T. Miller in neutral zone.
19:57 of 2nd period - Penalty to Cory Emmerton is over, Cory Emmerton is back on ice.
19:57 of 2nd period - Slapshot by Guillaume Latendresse.
19:57 of 2nd period - Stopped by Steve Mason with a rebound.
19:59 of 2nd period - Backhand shot by John Tavares.
19:59 of 2nd period - Shot Hit the Post.
Goals for this period are 0 for Stars vs 1 for Flyers.
Shots for this period are 13 for Stars vs 14 for Flyers.
3rd period
0:01 of 3rd period - John Tavares wins face-off versus J.T. Miller in neutral zone.
0:12 of 3rd period - Penalty to Jeff Woywitka is over, Jeff Woywitka is back on ice.
0:12 of 3rd period - Snap shot by Michael Grabner.
0:12 of 3rd period - Stopped by Steve Mason without a rebound.
0:13 of 3rd period - John Tavares wins face-off versus Jordan Nolan in Flyers zone.
0:45 of 3rd period - Jacob Trouba is hit by Jussi Jokinen and loses puck.
1:03 of 3rd period - Drew Miller is hit by Alex Chiasson.
2:31 of 3rd period - Snap shot by Jussi Jokinen.
2:31 of 3rd period - Shot Misses the Net.
2:37 of 3rd period - Slapshot by Evgeny Grachev.
2:37 of 3rd period - Stopped by Steve Mason with a rebound.
2:47 of 3rd period - Slapshot by Cory Emmerton.
2:47 of 3rd period - Shot Misses the Net.
2:49 of 3rd period - Slapshot by Cory Emmerton.
2:49 of 3rd period - Stopped by Steve Mason with a rebound.
2:51 of 3rd period - Slapshot by Cory Emmerton.
2:51 of 3rd period - Shot Blocked by Nathan Beaulieu.
2:53 of 3rd period - Snap shot by Jeremy Morin.
2:53 of 3rd period - Stopped by Steve Mason with a rebound.
2:55 of 3rd period - Slapshot by Andrej Sustr.
2:55 of 3rd period - Shot Misses the Net.
3:03 of 3rd period - Minor Penalty to Matthew Lombardi for Tripping.
3:04 of 3rd period - J.T. Miller wins face-off versus John Tavares in Flyers zone.
3:21 of 3rd period - Snap shot by Michael Grabner.
3:21 of 3rd period - Stopped by Steve Mason with a rebound.
3:31 of 3rd period - Wrist shot by Evgeny Grachev.
3:31 of 3rd period - Shot Blocked by Matt Smaby.
3:33 of 3rd period - Wrist shot by Alex Chiasson.
3:33 of 3rd period - Stopped by Steve Mason with a rebound.
3:35 of 3rd period - Wrist shot by Jussi Jokinen.
3:35 of 3rd period - Stopped by Steve Mason without a rebound.
3:36 of 3rd period - Evgeny Grachev wins face-off versus J.T. Miller in Flyers zone.
3:56 of 3rd period - John Tavares is hit by Jakub Voracek and loses puck.
5:01 of 3rd period - Wrist shot by Jakub Voracek.
5:01 of 3rd period - Stopped by Matt Murray without a rebound.
5:02 of 3rd period - Jeff Carter wins face-off versus John Tavares in Stars zone.
5:03 of 3rd period - Penalty to Matthew Lombardi is over, Matthew Lombardi is back on ice.
5:05 of 3rd period - Slapshot by Jeff Carter.
5:05 of 3rd period - Shot Blocked by Michael Grabner.
5:27 of 3rd period - Travis Zajac is hit by Brian Lee and loses puck.
6:06 of 3rd period - Slapshot by Boris Valabik.
6:06 of 3rd period - Stopped by Steve Mason with a rebound.
6:08 of 3rd period - Wrist shot by Cory Emmerton.
6:08 of 3rd period - Stopped by Steve Mason with a rebound.
6:19 of 3rd period - Off-side.
6:20 of 3rd period - John Tavares wins face-off versus Matthew Lombardi in neutral zone.
7:06 of 3rd period - Slapshot by Ian White.
7:06 of 3rd period - Stopped by Steve Mason with a rebound.
7:58 of 3rd period - Snap shot by Tyler Randell.
7:58 of 3rd period - Stopped by Matt Murray with a rebound.
8:00 of 3rd period - Wrist shot by Matthew Lombardi.
8:00 of 3rd period - Shot Blocked by Guillaume Latendresse.
8:02 of 3rd period - Slapshot by Jacob Trouba.
8:02 of 3rd period - Shot Blocked by Boris Valabik.
8:04 of 3rd period - Snap shot by Tyler Randell.
8:04 of 3rd period - Deflect By Brock Nelson.
8:04 of 3rd period - Deflect By Boris Valabik.
8:04 of 3rd period - Shot Misses the Net.
8:04 of 3rd period - Puck is out of play.
8:05 of 3rd period - Evgeny Grachev wins face-off versus Jordan Nolan in Stars zone.
8:07 of 3rd period - Minor Penalty to Evgeny Grachev for Hooking.
8:08 of 3rd period - John Tavares wins face-off versus Jakub Voracek in Stars zone.
9:38 of 3rd period - John Tavares is hit by Jakub Voracek.
10:07 of 3rd period - Penalty to Evgeny Grachev is over, Evgeny Grachev is back on ice.
10:46 of 3rd period - Minor Penalty to Marcus Kruger for Hooking.
10:47 of 3rd period - John Tavares wins face-off versus J.T. Miller in Flyers zone.
11:21 of 3rd period - Snap shot by Alex Chiasson.
11:21 of 3rd period - Deflect By Jussi Jokinen.
11:21 of 3rd period - Stopped by Steve Mason with a rebound.
11:23 of 3rd period - Snap shot by Jussi Jokinen.
11:23 of 3rd period - Shot Blocked by J.T. Miller.
12:14 of 3rd period - Snap shot by Jordan Nolan.
12:14 of 3rd period - Shot Blocked by Boris Valabik.
12:46 of 3rd period - Penalty to Marcus Kruger is over, Marcus Kruger is back on ice.
12:55 of 3rd period - Icing by Jeff Woywitka.
12:56 of 3rd period - Matthew Lombardi wins face-off versus Evgeny Kuznetsov in Flyers zone.
13:11 of 3rd period - Snap shot by Brock Nelson.
13:11 of 3rd period - Stopped by Matt Murray without a rebound.
13:12 of 3rd period - Evgeny Grachev wins face-off versus Jeff Carter in Stars zone.
13:27 of 3rd period - Slapshot by Niclas Bergfors.
13:27 of 3rd period - Stopped by Matt Murray without a rebound.
13:28 of 3rd period - Jordan Nolan wins face-off versus Guillaume Latendresse in Stars zone.
14:00 of 3rd period - Backhand shot by Nathan Beaulieu.
14:00 of 3rd period - Stopped by Matt Murray with a rebound.
15:55 of 3rd period - Snap shot by Jonathan Ericsson.
15:55 of 3rd period - Stopped by Matt Murray without a rebound.
15:56 of 3rd period - Evgeny Kuznetsov wins face-off versus Jordan Nolan in Stars zone.
16:23 of 3rd period - Scott Kosmachuck is hit by Niclas Bergfors.
16:49 of 3rd period - Snap shot by Brock Nelson.
16:49 of 3rd period - Deflect By Matthew Lombardi.
16:49 of 3rd period - Shot Misses the Net.
16:49 of 3rd period - Puck is out of play.
16:50 of 3rd period - Travis Zajac wins face-off versus Evgeny Kuznetsov in Stars zone.
17:51 of 3rd period - Slapshot by Boris Valabik.
17:51 of 3rd period - Stopped by Steve Mason without a rebound.
17:52 of 3rd period - Travis Zajac wins face-off versus Evgeny Kuznetsov in Flyers zone.
18:08 of 3rd period - Snap shot by Evgeny Kuznetsov.
18:08 of 3rd period - Stopped by Steve Mason with a rebound.
18:40 of 3rd period - Snap shot by Drew Miller.
18:40 of 3rd period - Stopped by Matt Murray without a rebound.
18:41 of 3rd period - Jeff Carter wins face-off versus Cory Emmerton in Stars zone.
18:48 of 3rd period - Jeremy Morin is hit by Niclas Bergfors.
19:00 of 3rd period - Stars, Matt Murray is pulled from the net.
19:12 of 3rd period - Snap shot by Scott Kosmachuck.
19:12 of 3rd period - Stopped by Steve Mason with a rebound.
19:14 of 3rd period - Snap shot by Jeremy Morin.
19:14 of 3rd period - Stopped by Steve Mason without a rebound.
19:15 of 3rd period - Barry Trotz call a timeout for Stars.
19:15 of 3rd period - Michael Grabner wins face-off versus Jordan Nolan in Flyers zone.
19:28 of 3rd period - Snap shot by John Tavares.
19:28 of 3rd period - Shot Misses the Net.
19:30 of 3rd period - Slapshot by Guillaume Latendresse.
19:30 of 3rd period - Stopped by Steve Mason with a rebound.
Goals for this period are 0 for Stars vs 0 for Flyers.
Shots for this period are 16 for Stars vs 7 for Flyers.